 Dungeon Crawl Stone Soup version 0.31-a0-859-g9dce7d3444 (webtiles) character file.

Game seed: 6865562015106957185

225 Azuregosa the Digger (level 6, -4/44 HPs)
             Began as a Gnoll Earth Elementalist on Oct 9, 2023.
             Slain by Eustachio
             ... wielding a +0 rapier
              (5 damage)
             ... on level 4 of the Dungeon.
             The game lasted 00:08:26 (2253 turns).

Azuregosa the Digger (Gnoll Earth Elementalist)     Turns: 2253, Time: 00:08:28

Health: -4/44      AC:  3    Str:  7    XL:     6   Next: 1%
Magic:  9/13       EV: 13    Int: 17    God:
Gold:   93         SH:  0    Dex: 12    Spells: 7/15 levels left

rFire   . . .        n - +0 short sword (drain)
rCold   . . .        (no shield)
rNeg    . . .        a - +0 robe
rPois   .            (no helmet)
rElec   .            q - +0 cloak
rCorr   .            (no gloves)
SInv    .            (no boots)
Will    .....        (no amulet)
Stlth   +++          (no ring)
HPRegen 0.27/turn    (no ring)
MPRegen 0.13/turn

%: no passive effects
@: no status effects
A: fangs 1, strong nose, distributed training
a: no special abilities


You were on level 4 of the Dungeon.
You visited 1 branch of the dungeon, and saw 5 of its levels.

You collected 93 gold pieces.

Inventory:

Hand Weapons
 n - a +0 short sword of draining (weapon)
 o - a +1 rapier of venom
 p - a +3 quarterstaff of chaos
Missiles
 c - 5 boomerangs
 d - 6 poisoned darts
Armour
 a - a +0 robe (worn)
 q - a +0 cloak (worn)
Scrolls
 e - a scroll of poison {unknown}
 f - a scroll of fog {unknown}
 h - a scroll of immolation {unknown}
 j - a scroll of silence {unknown}
 k - a scroll of fear {unknown}
 r - a scroll of teleportation {unknown}
 t - 2 scrolls of identify {unknown}
Potions
 b - a potion of magic
 g - a potion of cancellation {unknown}
 i - a potion of mutation {unknown}
 l - a potion of degeneration {unknown}
 m - a potion of curing {unknown}
 s - a potion of resistance {unknown}


   Skills:
 + Level 1.8 Fighting
 + Level 1.8 Short Blades
 + Level 1.8 Long Blades
 + Level 1.8 Axes
 + Level 1.8 Maces & Flails
 + Level 1.8 Polearms
 + Level 1.8 Staves
 + Level 1.8 Ranged Weapons
 + Level 1.8 Throwing
 + Level 1.8 Armour
 + Level 4.9 Dodging
 + Level 4.5 Stealth
 + Level 1.8 Shields
 + Level 1.8 Unarmed Combat
 + Level 5.3 Spellcasting
 + Level 1.4 Conjurations
 + Level 1.4 Hexes
 + Level 1.4 Summonings
 + Level 1.4 Necromancy
 + Level 1.4 Translocations
 + Level 2.5 Transmutations
 + Level 1.4 Fire Magic
 + Level 1.4 Ice Magic
 + Level 1.4 Air Magic
 + Level 5.6 Earth Magic
 + Level 1.4 Poison Magic
 + Level 2.0 Invocations
 + Level 1.8 Evocations
 + Level 1.6 Shapeshifting


You had 7 spell levels left.
You knew the following spells:

 Your Spells              Type           Power      Damage    Failure   Level
a - Sandblast             Erth           46%        2d11      1%          1
b - Stone Arrow           Conj/Erth      32%        3d9       10%         3
c - Petrify               Tmut/Erth      18%        N/A       26%         4

Your spell library contained the following spells:

 Spells                   Type           Power      Damage    Failure   Level
 Passwall                 Tmut/Erth      15%        N/A       3%          2
 Apportation              Tloc           18%        N/A       8%          1
 Necrotise                Necr           36%        1d5       8%          1
 Summon Small Mammal      Summ           36%        N/A       8%          1
 Summon Guardian Golem    Hex/Summ       9%         N/A       24%         3
 Brom's Barrelling Bould  Conj/Erth      16%        2d4       32%         4
 Orb of Destruction       Conj           4%         9d5       100%        7
 Spellforged Servitor     Conj/Summ      4%         N/A       100%        7


Dungeon Overview and Level Annotations

Branches:
Dungeon (5/15)
 Temple: D:4-7

Altars:

Annotations:
D:4 Eustachio, Robin


Innate Abilities, Weirdness & Mutations

You have very sharp teeth.
Your uncanny sense of smell can sniff out nearby items.
Your experience applies equally to all skills.


Message History

Aim: an orc, wielding a +0 club and wearing a +0 leather armour (83% to hit)
The blast of sand hits the orc.
The orc is heavily wounded.
The orc hits you with a +0 club.
Casting: Sandblast (safe; 1% risk of failure)
Confirm with . or Enter, or press ? or * to list all spells.
Aiming: Sandblast (safe; 1% risk of failure)
Press: ? - help, Shift-Dir - straight line, f/p - orc
Aim: an orc, wielding a +0 club and wearing a +0 leather armour (heavily wounded, 83% to hit)
The blast of sand hits the orc.
You kill the orc!
The orc hits you with a +0 war axe! The orc attacks as it pursues you!
The orc misses you.
There is an escape hatch in the floor here.
The orc hits you with a +0 war axe!
The orc priest looks encouraged for a moment.
You slide downwards.
The hatch slams shut behind you.
Robin shouts!
The goblin shouts!
The hobgoblin shouts! x2; Eustachio shouts!
A goblin comes into view. It is wielding a +0 dagger.
A goblin comes into view. It is wielding a +0 club.
The hobgoblin shouts!
The goblin shouts!
Found a chain mail, a short jewelled staff and 3 scrolls labelled HOITEUDENE.
Found a scratched peridot ring.
The goblin shouts!
The hobgoblin shouts!
The orc attacks as it pursues you! The orc hits you with a +0 war axe!
* * * LOW HITPOINT WARNING * * *
You hear a shout! x2
A jelly comes into view.
Robin throws the goblin at you! The orc attacks as it pursues you!
The orc closely misses you. The goblin misses you.
Eustachio closely misses you. Robin throws the goblin at you!
* * * LOW HITPOINT WARNING * * *
The orc attacks as it pursues you! The orc hits you with a +0 war axe!
* * * LOW HITPOINT WARNING * * *
The goblin closely misses you.
A goblin comes into view. It is wielding a +0 club.
Eustachio hits you with a +0 rapier.
You die...
Eustachio twirls his moustache.

#.#.#####+
########.....=...
........#.............
........#.............
...?....#.............
........#.............
.........gg.|.........
.........o@........... .
.........@g...J^......##
#
......................<#
.
.......ggg.............#
.
####......#######+####.#
. #....g.# #.. .
#...gg.# ### #...gg.#
........


You could see Eustachio, a jelly, Robin, an orc, 4 hobgoblins and 6 goblins.

Vanquished Creatures
  Crazy Yiuf (D:2)
  An orc wizard (D:3)
  Natasha (thrice) (D:2)
  A gnoll (D:1)
  3 adders
  2 dart slugs (D:3)
  2 orcs (D:3)
  3 bats (D:1)
  5 endoplasms
  4 giant cockroaches
  6 goblins
  5 hobgoblins (D:1)
  4 jackals (D:1)
  5 ball pythons
  4 frilled lizards
  4 kobolds
  4 rats
57 creatures vanquished.

Notes
Turn   | Place    | Note
-------+----------+-------------------------------------------
     0 | D:1      | Azuregosa the Gnoll Earth Elementalist began the quest for
                  | the Orb.
     0 | D:1      | Reached XP level 1. HP: 13/13 MP: 6/6
   156 | D:1      | Reached XP level 2. HP: 19/19 MP: 4/7
   320 | D:1      | Reached XP level 3. HP: 25/25 MP: 6/9
   324 | D:1      | Learned a level 3 spell: Stone Arrow
   400 | D:1      | Reached skill level 5 in Spellcasting
   683 | D:1      | Reached skill level 1 in Invocations
  1110 | D:2      | Reached skill level 1 in Fighting
  1110 | D:2      | Reached skill level 1 in Short Blades
  1110 | D:2      | Reached skill level 1 in Long Blades
  1110 | D:2      | Reached skill level 1 in Axes
  1110 | D:2      | Reached skill level 1 in Maces & Flails
  1110 | D:2      | Reached skill level 1 in Polearms
  1110 | D:2      | Reached skill level 1 in Staves
  1110 | D:2      | Reached skill level 1 in Ranged Weapons
  1110 | D:2      | Reached skill level 1 in Throwing
  1110 | D:2      | Reached skill level 1 in Armour
  1110 | D:2      | Reached skill level 1 in Shields
  1110 | D:2      | Reached skill level 1 in Unarmed Combat
  1110 | D:2      | Reached skill level 1 in Evocations
  1203 | D:2      | Noticed Natasha
  1208 | D:2      | Killed Natasha
  1209 | D:2      | Reached skill level 1 in Shapeshifting
  1209 | D:2      | Reached XP level 4. HP: 22/32 MP: 7/11
  1388 | D:2      | Noticed Natasha
  1392 | D:2      | Killed Natasha
  1393 | D:2      | Reached skill level 1 in Conjurations
  1393 | D:2      | Reached skill level 1 in Hexes
  1393 | D:2      | Reached skill level 1 in Summonings
  1393 | D:2      | Reached skill level 1 in Necromancy
  1393 | D:2      | Reached skill level 1 in Translocations
  1393 | D:2      | Reached skill level 1 in Fire Magic
  1393 | D:2      | Reached skill level 1 in Ice Magic
  1393 | D:2      | Reached skill level 1 in Air Magic
  1393 | D:2      | Reached skill level 1 in Poison Magic
  1398 | D:2      | Learned a level 4 spell: Petrify
  1425 | D:2      | Noticed Natasha
  1429 | D:2      | Killed Natasha
  1430 | D:2      | Reached XP level 5. HP: 28/37 MP: 8/12
  1586 | D:2      | Found a runed translucent door.
  1587 | D:2      | Noticed Crazy Yiuf
  1594 | D:2      | Killed Crazy Yiuf
  2012 | D:5      | Entered Level 5 of the Dungeon
  2012 | D:5      | Noticed a water moccasin
  2238 | D:3      | Reached XP level 6. HP: 31/44 MP: 9/13
  2250 | D:4      | Noticed Robin
  2250 | D:4      | Noticed Eustachio
  2253 | D:4      | HP: 1/44 [orc/+0 war axe (10)]
  2253 | D:4      | Slain by Eustachio

Illustrated notes

Levels and vault maps discovered:
D:1:      tarquinn_simple_flora_water_f, layout_loops_cross, hex_medium
D:2:      layout_basic, uniq_natasha, uniq_crazy_yiuf_cottage
D:3:      layout_loops_cross, nicolae_tso_swordbearing_angel
D:4:      layout_basic, uniq_pargi, uniq_robin, uniq_eustachio
D:5:      layout_basic, nicolae_ru_awakened_eye, serial_shops,
          nicolae_diamond_shop, kennysheep_generic_room_16

Skill      XL: |  1  2  3  4  5 |
---------------+----------------+-----
Transmutations | 2 |  2.5
Spellcasting   | 5 |  5.3
Invocations    | 1 2 |  2.0
Fighting       | 1 |  1.8
Short Blades   | 1 |  1.8
Long Blades    | 1 |  1.8
Axes           | 1 |  1.8
Maces & Flails | 1 |  1.8
Polearms       | 1 |  1.8
Staves         | 1 |  1.8
Ranged Weapons | 1 |  1.8
Throwing       | 1 |  1.8
Armour         | 1 |  1.8
Shields        | 1 |  1.8
Unarmed Combat | 1 |  1.8
Evocations     | 1 |  1.8
Shapeshifting  | 1 |  1.6
Conjurations   | 1 |  1.4
Hexes          | 1 |  1.4
Summonings     | 1 |  1.4
Necromancy     | 1 |  1.4
Translocations | 1 |  1.4
Fire Magic     | 1 |  1.4
Ice Magic      | 1 |  1.4
Air Magic      | 1 |  1.4
Poison Magic   | 1 |  1.4
Dodging        | |  4.9
Stealth        | |  4.5
Earth Magic    | |  5.6

Action                     |  1- 3 |  4- 6 || total
---------------------------+-------+-------++-------
  Melee: Short sword       |       |     1 ||     1
   Cast: Sandblast         |    45 |    35 ||    80
 Armour: Robe              |     2 |    12 ||    14
  Dodge: Dodged            |     5 |    12 ||    17

Table legend: (Time is in decaauts)
 A = Elapsed time spent in this place.
 B = Non-inter-level travel time spent in this place.
 C = Inter-level travel time spent in this place.
 D = Time resting spent in this place.
 E = Time spent auto-exploring this place.
 F = Levels seen in this place.
 G = Mean time per level.
                   A        B        C        D        E       F      G
               +--------+--------+--------+--------+--------+-----+--------+
         Total |   2296 |   2238 |     58 |     29 |   1734 |   5 |  459.2 |
       Dungeon |   2296 |   2238 |     58 |     29 |   1734 |   5 |  459.2 |
               +--------+--------+--------+--------+--------+-----+--------+

Top non-repeatable levels by time:
     D:2: 1010 daAuts
     D:1: 910 daAuts
     D:3: 342 daAuts
     D:4: 30 daAuts
     D:5: 1 daAuts
